 Dungeon Crawl Stone Soup version 0.20.1-1-g8b1a95d (webtiles) character file.

51 vineage the Twirler (level 3, -1/27 HPs)
             Began as a Demonspawn Gladiator on Aug 19, 2017.
             Slain by Natasha (2 damage)
             ... on level 2 of the Dungeon.
             The game lasted 00:01:23 (1018 turns).

vineage the Twirler (Demonspawn Gladiator)          Turns: 1018, Time: 00:01:24

Health: -1/27      AC:  7    Str: 12 (15) XL:     3   Next: 57%
Magic:  3/3        EV: 12    Int:  6 (9)  God:
Gold:   57         SH:  0    Dex: 12 (14) Spells: 2/2 levels left

rFire    . . .     SeeInvis .   a - +0 quarterstaff
rCold    . . .     Gourm    .   (shield currently unavailable)
rNeg     . . .     Faith    .   b - +0 leather armour
rPois    .         Spirit   .   c - +0 helmet
rElec    .         Reflect  .   (no cloak)
rCorr    .         Harm     .   (no gloves)
MR       .....                  g - +0 pair of boots
Stlth    +.........             (no amulet)
Regen    0.1/turn               (no ring)
MPRegen  0.1/turn               (no ring)

@: lethally poisoned (-1 -> -4), about to teleport, slowed, very slow
A: molten scales 1
a: no special abilities


You were on level 2 of the Dungeon.
You were not hungry.

You visited 1 branch of the dungeon, and saw 2 of its levels.

You collected 57 gold pieces.

Inventory:

Hand Weapons
 a - a +0 quarterstaff (weapon)
Missiles
 d - 3 throwing nets (quivered)
Armour
 b - a +0 leather armour (worn)
 c - a +0 helmet (worn)
 g - a +0 pair of boots (worn)
Jewellery
 h - an uncursed ring of wizardry {unknown}
 k - a +2 ring of dexterity {unknown}
Scrolls
 e - 2 scrolls of teleportation
 j - 2 scrolls of amnesia {unknown}
 l - a scroll of random uselessness {unknown}
 m - a scroll of recharging {unknown}
Comestibles
 f - a bread ration
 i - a meat ration


   Skills:
 + Level 2.1 Fighting
 + Level 3.3 Staves
 + Level 2.0 Throwing
 + Level 0.8 Armour
 + Level 3.2 Dodging


You had 2 spell levels left.
You didn't know any spells.

Dungeon Overview and Level Annotations

Branches:
Dungeon (2/15)

Altars:

Annotations:
D:2 Natasha


Innate Abilities, Weirdness & Mutations

You are partially covered in molten scales. (AC +2)


Message History

You kill the adder!
You feel sick. Natasha barely misses you. Natasha misses you.
You hit Natasha.
Natasha is lightly wounded.
Natasha casts a spell at you. The magic dart hits you! Natasha misses you.
You are too injured to fight recklessly!
You are too injured to fight recklessly!
You are too injured to fight recklessly!
It was a potion of degeneration.
There was something very wrong with that liquid.
You feel weakened.
You feel dopey.
You feel clumsy.
You feel sick. Natasha claws you.
* * * LOW HITPOINT WARNING * * *
As you read the scroll labeled FIYHEBLO KERE, it crumbles to dust.
You feel strangely unstable.
It was a scroll of teleportation.
Natasha claws you.
* * * LOW HITPOINT WARNING * * *
Natasha claws you.
You die...

#..... #..... ##.....
#...... # ##...... ###.
#### #....... #.... #..
#.......
#...#.#########.......
#..@=......##.......
#......)h.......'.......
########.####.###.......
...# #...+....... ....##
#####....... ....g
#....... ..... #......#
....h .......# ......#


You could see Natasha.

Vanquished Creatures
  An adder (D:2)
  An ooze (D:2)
  2 dart slugs (D:1)
  2 leopard geckos (D:1)
  A ball python (D:1)
  2 giant cockroaches
  6 goblins
  3 hobgoblins (D:1)
  3 jackals (D:2)
  A kobold (D:1)
  4 bats (D:1)
  A frilled lizard (D:1)
  2 rats (D:1)
29 creatures vanquished.

Notes
Turn   | Place    | Note
-------+----------+-------------------------------------------
     0 | D:1      | vineage the Demonspawn Gladiator began the quest for the Orb.
     0 | D:1      | Reached XP level 1. HP: 16/16 MP: 1/1
   161 | D:1      | Gained mutation: You are partially covered in molten scales. (AC +2) [demonic ancestry]
   161 | D:1      | Reached XP level 2. HP: 15/22 MP: 2/2
   755 | D:1      | Reached XP level 3. HP: 27/27 MP: 3/3
  1004 | D:2      | Noticed Natasha
  1018 | D:2      | HP: 1/27 [Natasha (6)]
  1018 | D:2      | Slain by Natasha

Skill      XL: |  1  2 |
---------------+-------+-----
Throwing       | 2 |  2.0
Dodging        | 3 |  3.2
Staves         | 3 |  3.3
Fighting       | |  2.1
Armour         | |  0.8

Action                   || total
-------------------------++-------
Melee: Quarterstaff      ||    89
  Use: Scroll            ||     1
       Potion            ||     1
 Stab: Sleeping          ||     2
Armor: Leather armour    ||    39
Dodge: Dodged            ||    75
